 Dungeon Crawl Stone Soup version 0.32-a0-933-ga8fa3634e4 (console) character file.

Game seed: 14360226931346741248

520 casual the Chopper (level 7, -2/59 HPs)
             Began as a Mountain Dwarf Fighter on Apr 14, 2024.
             Incinerated by a bombardier beetle (5 damage)
             ... with a burning spray
             ... on level 4 of the Dungeon.
             The game lasted 00:04:36 (3316 turns).

casual the Chopper (Mountain Dwarf Fighter)         Turns: 3316, Time: 00:04:37

Health: -2/59      AC:  8    Str: 19    XL:     7   Next: 1%
Magic:  7/7        EV:  8    Int:  8    God:
Gold:   150        SH:  4    Dex: 11    Spells: 6/6 levels left

rFire   . . .        a - +1 war axe
rCold   . . .        c - +0 buckler
rNeg    . . .        b - +0 scale mail
rPois   .            (no helmet)
rElec   .            (no cloak)
rCorr   .            A - +0 pair of gloves
SInv    .            (no boots)
Will    .....        (no amulet) Stlth
                     (no ring)
HPRegen 0.29/turn    (no ring)
MPRegen 0.10/turn

%: no passive effects
@: mighty, on fire, glowing
A: runic magic, artefact enchanting
a: no special abilities


You were on level 4 of the Dungeon.
You visited 1 branch of the dungeon, and saw 4 of its levels.

You collected 150 gold pieces.

Inventory:

Hand Weapons
 a - a +1 war axe (weapon)
 p - a +0 spear
 w - a +0 trident
Missiles
 e - 37 stones
 f - 7 javelins (quivered)
 u - 2 throwing nets
 x - 7 poisoned darts
 B - 2 boomerangs
Armour
 b - a +0 scale mail (worn)
 c - a +0 buckler (worn)
 A - a +0 pair of gloves (worn)
 D - the +0 leather armour of Past Mistakes {rF+ Int+5}
   (You found it on level 3 of the Dungeon)

   Int+5:     It affects your intelligence (+5).
   rF+:       It protects you from fire.
Jewellery
 k - a ring of magical power
Scrolls
 g - 2 scrolls of amnesia
 i - 4 scrolls of teleportation
 n - a scroll of immolation
 r - 2 scrolls of fog
Potions
 h - 2 potions of attraction
 j - a potion of enlightenment {unknown}
 l - a potion of brilliance {unknown}
 o - a potion of berserk rage {unknown}
 q - a potion of mutation {unknown}
 t - a potion of haste {unknown}
 E - a potion of degeneration {unknown}


   Skills:
 - Level 4.0 Fighting
 + Level 7.9 Axes
 - Level 3.2 Armour
 + Level 4.8 Shields


You had 6 spell levels left.
You didn't know any spells.
Your spell library contained the following spells:

 Spells                   Type           Power      Damage    Failure   Level
 Ensorcelled Hibernation  Hex/Ice        0%         N/A       71%         2
 Fugue of the Fallen      Necr           0%         N/A       91%         3
 Anguish                  Hex/Necr       0%         N/A       100%        4


Dungeon Overview and Level Annotations

Branches:
Dungeon (4/15)             Temple (0/1) D:4

Altars:

Annotations:
D:4 Dowan, Duvessa


Innate Abilities, Weirdness & Mutations

Your spellcasting is much less encumbered by armour.
You can use scrolls of enchantment on lesser artefacts.


Message History

You take 9 damage, and have 28/52 hp.
You slash Duvessa!
Duvessa is heavily wounded.
You completely miss the bombardier beetle.
Duvessa hits you with a +0 short sword.
The bombardier beetle sprays incendiary fluid at you.
The burning spray hits you.
You are covered in liquid fire!
Duvessa hits you but does no damage. Dowan closely misses you.
You take 5 damage, and have 23/52 hp.
You hit Duvessa but do no damage.
Duvessa is heavily wounded.
You slash the bombardier beetle! You closely miss Dowan.
The liquid fire burns you! Duvessa hits you with a +0 short sword.
* * * LOW HITPOINT WARNING * * *
You block the bombardier beetle's attack.
Dowan points at you and mumbles some strange words.
The puff of flame hits you.
* * * LOW HITPOINT WARNING * * *
You take 11 damage, and have 12/52 hp.
MASSIVE DAMAGE!!
You slash Duvessa!
Duvessa is almost dead.
You hit Dowan. You hit the bombardier beetle.
You kill the bombardier beetle!
The liquid fire burns you!
* * * LOW HITPOINT WARNING * * *
Duvessa hits you but does no damage. Duvessa hits you with a +0 short sword.
* * * LOW HITPOINT WARNING * * *
Dowan casts a spell at you.
The puff of flame hits you but does no damage.
You have reached level 7!
You take 9 damage, and have 3/59 hp.
MP restored: 7
Okay, then.
You closely miss Duvessa.
Duvessa is almost dead.
You hit Dowan. The liquid fire burns you!
You die...

.█.█ ..█ ████.█ .█ .██
....██.█ ).█ .█.....█
█.█ ...⌠..█ █.█
......█ █.█
█.█████⌠.>.⌠█ █.█
█$....†ee...█ █.█
█@.⌠..█
█.██████████████.....█
█...................██
███████████████████.█
.█ █


You could see Duvessa (fast) and Dowan.

Vanquished Creatures
  A black bear (D:4)
  A scorpion (D:4)
  2 bombardier beetles
  An orc priest (D:2)
  3 orc wizards (D:3)
  4 gnolls (D:2)
  5 adders
  2 ribbon worms
  3 dart slugs
  14 orcs
  7 endoplasms
  A giant cockroach (D:1)
  9 goblins
  5 hobgoblins
  3 jackals (D:2)
  5 quokkas
  6 ball pythons
  9 bats
  3 frilled lizards
  9 kobolds
  11 rats
104 creatures vanquished.

Notes
Turn   | Place    | Note
-------+----------+-------------------------------------------
     0 | D:1      | casual the Mountain Dwarf Fighter began the quest for the
                  | Orb.
     0 | D:1      | Reached XP level 1. HP: 19/19 MP: 1/1
   147 | D:1      | Reached skill level 3 in Axes
   147 | D:1      | Reached XP level 2. HP: 27/27 MP: 2/2
   434 | D:1      | Reached XP level 3. HP: 28/33 MP: 3/3
  1094 | D:2      | Reached skill level 4 in Axes
  1287 | D:2      | Reached XP level 4. HP: 25/40 MP: 4/4
  1295 | D:2      | Reached skill level 5 in Axes
  1980 | D:2      | Reached XP level 5. HP: 21/46 MP: 5/5
  2088 | D:2      | Reached skill level 6 in Axes
  2636 | D:3      | Reached skill level 7 in Axes
  2766 | D:3      | Identified the +0 leather armour of Past Mistakes {rF+
                  | Int+5}
  2899 | D:3      | Reached XP level 6. HP: 52/52 MP: 6/6
  3303 | D:4      | Found a staircase to the Ecumenical Temple.
  3303 | D:4      | Noticed Dowan
  3303 | D:4      | Noticed Duvessa
  3315 | D:4      | HP: 2/52 [Duvessa/+0 short sword (2)]
  3316 | D:4      | Reached XP level 7. HP: 3/59 MP: 7/7
  3316 | D:4      | Incinerated by a bombardier beetle

Illustrated notes

Levels and vault maps discovered:
D:1:      dpeg_arrival_lava_temple_mockup, layout_loops_cross
D:2:      layout_basic, grunt_decor_arrowhead, nicolae_figureground_pulse
D:3:      minmay_bubble_buster, layout_basic
D:4:      layout_basic, temple_fountains, enter_ossuary_1, minivault_1,
          hangedman_abyss_or_decor_stabs, interstate_on_off,
          serial_bayou_pond_a, dreamdust_princess_corridor,
          serial_library_hellmonk_reading_circle, uniq_duvessa

Skill      XL: |  1  2  3  4  5  6 |
---------------+-------------------+-----
Axes           | 3 4 5 7 |  7.9
Fighting       | 4 |  4.0
Shields        | 4 |  4.8
Armour         | |  3.2

Action                     |  1- 3 |  4- 6 |  7- 9 || total
---------------------------+-------+-------+-------++-------
  Melee: War axe           |   111 |   169 |     1 ||   281
    Use: Potion            |     1 |     1 |       ||     2
         Scroll            |       |    10 |       ||    10
 Armour: Scale mail        |    96 |   161 |       ||   257
  Dodge: Dodged            |    49 |    72 |       ||   121
  Block: Buckler           |    27 |    43 |       ||    70

Table legend: (Time is in decaauts)
 A = Elapsed time spent in this place.
 B = Non-inter-level travel time spent in this place.
 C = Inter-level travel time spent in this place.
 D = Time resting spent in this place.
 E = Time spent auto-exploring this place.
 F = Levels seen in this place.
 G = Mean time per level.
                   A        B        C        D        E       F      G
               +--------+--------+--------+--------+--------+-----+--------+
         Total |   3399 |   3272 |    127 |    698 |   1845 |   4 |  849.8 |
       Dungeon |   3399 |   3272 |    127 |    698 |   1845 |   4 |  849.8 |
               +--------+--------+--------+--------+--------+-----+--------+

Top non-repeatable levels by time:
     D:2: 1339 daAuts
     D:1: 975 daAuts
     D:3: 918 daAuts
     D:4: 166 daAuts
